Unix NetHack Version 5.0.0-0 post-release - last build May  4 2026 22:22:43 (774f63e81ad911689b3a0859ea89b322d5daca8d,branch:main).

Game began 2026-05-09 04:38:37, ended 2026-05-09 08:42:20.

7spoons, lawful female human Valkyrie

    -----
    |...|          -----                ------------     --------       ------
    |....##########v...|                |..........|     |......-#      |..<.|
    |...|#         |....                |..........-#####.[.....|#     #.....|
    ---.-#         |...----             |....>.....|     --------#     #|....|
       # #         |......|       #     ---------.--             #     #------
       #           |......+       #              #               #    ##
      ##           |{.....|###   ##              #               #   ##
      %            |...----  #######             ##              #   #
      #            |...|######    ####------------|---         ###   #
      #            |....#            #...............|         #-----#
     ##            -----             #|...%........v.|         #|...|#
     #                               #|..............|         #|...|#
     #                               #|..............|         #|....#
     +                               #----------------         #..._|
     .|                              **##########               |...|
    ..|                                         ################....|
   ----                                                         -----

7spoons the Fighter         St:18 Dx:16 Co:18 In:8 Wi:10 Ch:8  Lawful
Dlvl:10 $:417 HP:0(83) Pw:3(9) AC:-3 Xp:9 T:10093 

Latest messages:
 Are you waiting to get hit?  Use 'm' prefix to force a no-op (to rest).
 Are you waiting to get hit?  Use 'm' prefix to force a no-op (to rest).
 Are you waiting to get hit?  Use 'm' prefix to force a no-op (to rest).
 Are you waiting to get hit?  Use 'm' prefix to force a no-op (to rest).
 Are you waiting to get hit?  Use 'm' prefix to force a no-op (to rest).
 You swap places with your large cat.
 You hit the owlbear.
 You hear a slow drip.
 You hit the owlbear.
 The owlbear misses!
 The owlbear hits!
 You kill the owlbear!
 You are beginning to feel hungry.
 You were wearing an uncursed blindfold.
 You can see again.
 What do you want to eat? [fhmC or ?*]
 My, this is a yummy slime mold!
 What do you want to drop? [$a-dfkmnquwyzBCFMNRSUXY or ?*]
 You drop a killer bee corpse.
 The large cat picks up a killer bee corpse.
 The large cat drops a killer bee corpse.
 You see here a killer bee corpse.
 You swap places with your large cat.
 You see here a scroll labeled HACKEM MUCHE.
 D - a scroll labeled HACKEM MUCHE.
 You hit the cockatrice!
 You hit the cockatrice!
 The cockatrice bites!
 The cockatrice touches you!
 You hit the cockatrice!
 You kill the cockatrice!
 You hear someone counting gold coins.
 The energy vortex misses!
 The energy vortex engulfs you!
 Your lamp called magic goes out!
 You hit the energy vortex.
 You are jolted with electricity!
 The air around you crackles with electricity.
 You feel your magical energy drain away.
 The air around you crackles with electricity.
 You feel your magical energy drain away.
 You hit the energy vortex.
 You are jolted with electricity!
 The air around you crackles with electricity.
 You die...
 Do you want your possessions identified? [ynq] (y)
 Do you want to see your attributes? [ynq] (y)
 Do you want an account of creatures vanquished? [ynaq] (y)
 Do you want to see your conduct and achievements? [ynq] (y)
 Do you want to see the dungeon overview? [ynq] (y)

Inventory:
 Coins    ('$')
  $ - 417 gold pieces
 Weapons  (')')
  F - 4 blessed +2 daggers
  b - 16 +0 daggers (at the ready)
  a - a +1 spear (weapon in right hand)
 Armor    ('[')
  N - an uncursed rusty +0 orcish helm (being worn)
  n - an uncursed +2 pair of leather gloves (being worn)
  U - an uncursed +2 pair of high boots (being worn)
  c - an uncursed burnt +3 small shield (being worn)
  R - an uncursed +3 dwarvish cloak (being worn)
 Comestibles  ('%')
  f - an uncursed apple
  m - an uncursed lizard corpse
 Scrolls  ('?')
  D - an uncursed scroll of enchant weapon
 Wands    ('/')
  z - a wand of digging (0:0)
  B - a wand of enlightenment (0:13)
  d - a wand of striking (0:1)
  X - a wand of teleportation (0:3)
 Tools    ('(')
  q - an uncursed sack containing 25 items
  Y - an uncursed blindfold
  y - an uncursed lock pick
  u - an uncursed magic lamp
  w - an uncursed magic whistle
  M - an uncursed stethoscope
  k - a +0 unicorn horn
 Gems/Stones  ('*')
  S - an uncursed luckstone

Contents of the sack:
  165 gold pieces
  a cursed scroll of amnesia
  an uncursed scroll of confuse monster
  2 uncursed scrolls of create monster
  an uncursed scroll of destroy armor
  a cursed scroll of food detection
  2 uncursed scrolls of identify
  an uncursed scroll of light
  an uncursed scroll of magic mapping
  an uncursed scroll of punishment
  2 blessed scrolls of teleportation
  an uncursed potion of blindness
  an uncursed potion of extra healing
  an uncursed potion of full healing
  2 uncursed potions of hallucination
  an uncursed potion of levitation
  3 uncursed potions of monster detection
  an uncursed potion of oil
  2 uncursed potions of paralysis
  a blessed potion of restore ability
  an uncursed ring of fire resistance
  an uncursed ring of free action
  an uncursed ring of teleport control
  an uncursed leash
  a +0 pick-axe

7spoons the Valkyrie's attributes:

Background:
 You were a Fighter, a level 9 human Valkyrie.
 You were lawful, on a mission for Tyr
 who was opposed by Odin (neutral) and Loki (chaotic).
 You were right-handed.
 You were in the Dungeons of Doom, on level 10.
 You entered the dungeon 10093 turns ago.
 You had 5056 experience points, 64 more were needed to attain level 10.

Basics:
 You had 0 out of 83 hit points.
 You had 3 out of 9 energy points (spell power).
 Your armor class was -3.
 Your wallet contained 417 zorkmids, and
 you had 165 more stashed away in your pack.
 Autopickup was off.

Final Characteristics:
 Your strength was 18 (peak:18/02, limit:18/100).
 Your dexterity was 16 (limit:18).
 Your constitution was 18 (limit:18).
 Your intelligence was 8 (limit:18).
 Your wisdom was 10 (limit:18).
 Your charisma was 8 (limit:18).

Final Status:
 You were engulfed by the energy vortex.
 You weren't hungry.
 You were unencumbered.
 You were wielding a spear.
 You had basic skill with spear and could have enhanced that.

Final Attributes:
 You were piously aligned.
 Your items were somewhat protected from fire.
 You were cold resistant.
 Your items were somewhat protected from cold.
 You were poison resistant.
 You were telepathic.
 You were stealthy.
 You were warded.
 You were fast.
 You were lucky.
 You had extra luck.
 Bad luck did not time out for you.
 Good luck did not time out for you.
 You are dead.

Miscellaneous:
 You didn't encounter any bones levels.
 Total elapsed playing time was 3 hours, 56 minutes and 19 seconds.

Major events:
 Turn
    1: 7spoons the lawful human Valkyrie entered the dungeon
 1207: entered the Gnomish Mines
 2275: attained the rank of Skirmisher (level 3)
 3385: reached Mine Town
 3482: attained the rank of Fighter (level 6)
 6151: acquired the Mines' End luckstone
 9192: entered Sokoban
10093: killed by an energy vortex

You didn't know any spells.

Skills:
 Fighting Skills
   bare handed combat [Unskilled]
   two weapon combat  [Unskilled]
   riding             [Unskilled]
 Weapon Skills
   dagger             [Basic]
   axe                [Unskilled]
   pick-axe           [Unskilled]
   short sword        [Unskilled]
   broadsword         [Unskilled]
   long sword         [Unskilled]
   two-handed sword   [Unskilled]
   saber              [Unskilled]
   hammer             [Unskilled]
   quarterstaff       [Unskilled]
   polearms           [Unskilled]
   spear              [Basic]
   trident            [Unskilled]
   lance              [Unskilled]
   sling              [Unskilled]
 Spellcasting Skills
   attack spells      [Unskilled]
   escape spells      [Unskilled]

Voluntary challenges:
 Character rerolling was not enabled.
 You never genocided any monsters.
 You never polymorphed an object.
 You used no wishes.
 You did not violate any of the special Sokoban rules.
Achievements:
 You entered a shop.
 You entered the Gnomish Mines.
 You attained the rank of Skirmisher.
 You entered Minetown.
 You entered a temple.
 You attained the rank of Fighter.
 You completed the Gnomish Mines.
 You entered Sokoban.

 The Dungeons of Doom: levels 1 to 11
    Level 1:
    Level 2:
    Level 3:
       A general store, a fountain, a sink.
    Level 4:
       A general store, a fountain.
       Stairs down to The Gnomish Mines.
    Level 5:
    Level 6:
    Level 7:
       A throne.
    Level 8:
       Many fountains.
    Level 9:
       Stairs up to Sokoban, level 8.
    Level 10: <- You were here.
       An altar to Tyr, a sink.
       Final resting place for
          you, killed by an energy vortex.
    Level 11:
       A fountain.
 The Gnomish Mines: levels 5 to 13
    Level 5:
    Level 6:
    Level 7:
    Level 8:
       Many shops, a temple and an altar, some fountains.
    Level 9:
    Level 10:
    Level 11:
    Level 12:
    Level 13:
 Sokoban:
    Level 8:
       Unsolved.


Vanquished creatures:
  a queen bee
  a warg
  a small mimic
 an ogre leader
  2 large dogs
  2 flaming spheres
 an elf mummy
  a python
  2 carnivorous apes
  2 ettin zombies
  a Grey-elf
  a watchman
  a chameleon
  4 giant beetles
  2 cockatrices
  a wolf
  3 winter wolf cubs
  a spotted jelly
  a leprechaun
 an iron piercer
  a mumak
  7 giant spiders
  a scorpion
  3 horses
 an ice vortex
  a vampire bat
  3 gnome rulers
  2 ogres
  2 owlbears
  a lizard
  3 chickatrices
  a dingo
  a dwarf leader
  2 gray unicorns
  a dust vortex
  a plains centaur
  a snake
  8 human zombies
  a rope golem
  4 soldier ants
  4 fire ants
  a bugbear
 an imp
  a wood nymph
  a Mordor orc
  2 orc shamans
  2 rock piercers
  3 rock moles
  a fog cloud
  5 yellow lights
  a violet fungus
 17 gnome leaders
  8 gnomish wizards
  a kobold mummy
  a gray ooze
  3 elf zombies
  a ghoul
  a straw golem
  3 floating eyes
  2 kittens
 10 dwarves
  2 homunculi
  5 hill orcs
  2 rothes
  2 giant bats
 an orc zombie
  4 dwarf zombies
  a werejackal
  7 iguanas
 12 killer bees
  3 acid blobs
  3 gas spores
  7 hobbits
  2 manes
  4 hobgoblins
  5 giant rats
  4 cave spiders
  a yellow mold
  2 red molds
 63 gnomes
  3 garter snakes
  2 gnome zombies
  5 geckos
 11 jackals
  a goblin
  3 sewer rats
  9 grid bugs
  a bat
  3 lichens
  4 kobold zombies
  5 newts
321 creatures vanquished.

No species were genocided or became extinct.

Game over:
                       ----------
                      /          \
                     /    REST    \
                    /      IN      \
                   /     PEACE      \
                  /                  \
                  |     7spoons      |
                  |      582 Au      |
                  |   killed by an   |
                  |  energy vortex   |
                  |                  |
                  |                  |
                  |       2026       |
                 *|     *  *  *      | *
        _________)/\\_//(\/(/\)/\//\/|_)_______

Farvel 7spoons the Valkyrie...

You died in The Dungeons of Doom on dungeon level 10 with 21388 points,
and 582 pieces of gold, after 10093 moves.
You were level 9 with a maximum of 83 hit points when you died.

